 Dungeon Crawl Stone Soup version 0.22-a0-305-gd21a89c (webtiles) character file.

5495 KristoblXynda the Covert (level 10, -3/73 HPs)
             Began as a Spriggan Berserker on Mar 29, 2018.
             Was an Elder of Trog.
             Slain by a yak (14 damage)
             ... on level 9 of the Dungeon.
             The game lasted 00:24:33 (11099 turns).

KristoblXynda the Covert (Spriggan Berserker)      Turns: 11099, Time: 00:24:34

Health: -3/73      AC:  4    Str: 19    XL:     10   Next: 42%
Magic:  17/17      EV: 28    Int: 11    God:    Trog [****..]
Gold:   494        SH:  0    Dex: 16    Spells: 9/9 levels left

rFire    . . .     SeeInvis +   a - +2 short sword
rCold    + . .     Gourm    .   (shield restricted)
rNeg     . . .     Faith    .   b - +1 animal skin
rPois    .         Spirit   .   (helmet restricted)
rElec    .         Reflect  .   w - +0 cloak
rCorr    .         Harm     .   (gloves unavailable)
MR       +....                  (boots unavailable)
Stlth    ..........             m - amulet of the acrobat
HPRegen  0.22/turn              y - ring of protection from cold
MPRegen  0.15/turn              (no ring)

@: berserking, very quick
A: very small, unfitting armour, see invisible, herbivore, speed 3, slow
metabolism 2
a: Berserk, Trog's Hand, Brothers in Arms, Renounce Religion


You were on level 9 of the Dungeon.
You worshipped Trog.
Trog was greatly pleased with you.
You were very hungry.

You visited 3 branches of the dungeon, and saw 11 of its levels.

You collected 494 gold pieces.

Inventory:

Hand Weapons
 a - a +2 short sword (weapon)
Armour
 b - a +1 animal skin (worn)
 w - a +0 cloak (worn)
Jewellery
 m - an amulet of the acrobat (around neck)
 y - a ring of protection from cold (left hand)
Wands
 j - a wand of iceblast (8)
 s - a wand of acid (2)
Scrolls
 d - 11 scrolls of teleportation
 e - a scroll of identify
 f - a scroll of immolation
 g - 2 scrolls of fear
 i - 7 scrolls of enchant weapon
 n - 2 scrolls of amnesia
 p - 4 scrolls of remove curse
 t - 3 scrolls of fog
 x - 2 scrolls of enchant armour
Potions
 h - a potion of might
 k - a potion of flight
 l - a potion of invisibility
 o - a potion of curing
 q - 2 potions of agility
 r - a potion of haste
 u - 2 potions of cancellation
 v - 2 potions of heal wounds
 z - a potion of magic
 B - a potion of resistance
Comestibles
 c - 6 rations


   Skills:
 + Level 3.0 Fighting
 + Level 9.6 Short Blades
 + Level 12.1 Dodging
 + Level 12.2 Stealth
 - Level 8.0 Evocations


You had 9 spell levels left.
You didn't know any spells.

Dungeon Overview and Level Annotations

Branches:
Dungeon (9/15)             Temple (1/1) D:6            Lair (1/6) D:8
    Orc: D:9-12

Altars:
Ashenzari
Cheibriados
Dithmenos
Elyvilon
Fedhas
Gozag
Hepliaklqana
Kikubaaqudgha
Makhleb
Nemelex Xobeh
Okawaru
Qazlal
Ru
Sif Muna
Trog
Uskayaw
Vehumet
Wu Jian
Xom
Yredelemnul
Zin
The Shining One

Annotations:
D:5 Pikel


Innate Abilities, Weirdness & Mutations

You are very small and have problems with some larger weapons.
You are too small for most types of armour.
You have supernaturally acute eyesight. (SInv)
You are a herbivore.
You cover ground extremely quickly.
You need to consume almost no food.


Message History

You are feeling very hungry.
The yak completely misses you.
You hit the yak.
The yak is severely wounded.
The yak barely misses you.
You hit the yak.
The yak is almost dead.
You barely miss the yak.
The yak is almost dead.
You puncture the yak!
You kill the yak!
Trog accepts your kill. The yak completely misses you.
You hit the yak.
You kill the yak!
Trog accepts your kill.
Your Fighting skill increases to level 3!
You see here a yak corpse.
You barely miss the yak. The yak gores you!
You die...

##### #...##########
#####.#)†.Y@.....#
#....†..######.#.# #.#######
####.#.#### ###
#......####....#....######..
#..###......#######.........
#Y.# ######....#......####..
#Y.# ####.#.####.# ##.


#YYY.YY.# #.#.# ...####. #Y#####... #...# #........ You could see a yak.

Vanquished Creatures
  The ghost of torrenera the Grappler, a journeyman TrMo of Cheibriados (D:9)
  A cyclops (D:7)
  Sigmund (D:6)
  Eustachio (D:5)
  A wyvern (D:9)
  5 yaks (D:9)
  A basilisk (Lair:1)
  A porcupine (D:8)
  2 ice beasts
  A sky beast (D:7)
  2 orc warriors (D:8)
  2 phantoms
  A black bear (D:9)
  3 ogres
  A crocodile (D:8)
  2 centaurs
  A gnoll sergeant (D:5)
  5 bullfrogs
  A scorpion (D:6)
  3 wights (D:7)
  2 bullfrog zombies
  4 crimson imps
  A bullfrog skeleton (D:9)
  2 orc priests (D:4)
  3 hounds
  6 jellies
  A centaur skeleton (D:6)
  Jessica (D:3)
  An iguana (D:5)
  Terence (D:2)
  Natasha (thrice) (D:4)
  5 orc wizards
  6 worker ants
  A howler monkey zombie (D:7)
  10 gnolls
  9 adders
  A shadow imp (D:7)
  6 oozes
  An adder zombie (D:9)
  A worm (D:2)
  2 dart slugs
  6 leopard geckos
  18 orcs
  A bat (D:3)
  3 giant cockroaches
  4 goblins
  6 hobgoblins
  4 jackals (D:2)
  A quokka (D:3)
  3 frilled lizards
  4 kobolds
  A quokka skeleton (D:9)
  2 rats (D:2)
156 creatures vanquished.

Vanquished Creatures (others)
  A quokka (D:5)
  9 fungi (D:8)
10 creatures vanquished.

Grand Total: 166 creatures vanquished

Notes
Turn   | Place    | Note
-------+----------+-------------------------------------------
     0 | D:1      | KristoblXynda the Spriggan Berserker began the quest for the Orb.
     0 | D:1      | Reached XP level 1. HP: 11/11 MP: 2/2
   220 | D:1      | Reached skill level 1 in Stealth
   279 | D:1      | Reached XP level 2. HP: 13/16 MP: 3/3
  1144 | D:2      | Noticed Terence
  1154 | D:2      | Killed Terence
  1154 | D:2      | Reached skill level 5 in Dodging
  1154 | D:2      | Reached XP level 3. HP: 19/19 MP: 4/4
  1487 | D:2      | Found a snail-covered altar of Cheibriados.
  1650 | D:2      | Reached XP level 4. HP: 23/23 MP: 5/5
  2883 | D:3      | Reached XP level 5. HP: 27/27 MP: 6/6
  3007 | D:3      | Noticed Jessica
  3010 | D:3      | Killed Jessica
  3050 | D:3      | Reached ** piety under Trog
  3311 | D:4      | Noticed Natasha
  3325 | D:4      | Killed Natasha
  3339 | D:4      | Noticed Natasha
  3606 | D:4      | Killed Natasha
  3606 | D:4      | Reached skill level 5 in Short Blades
  3606 | D:4      | Reached skill level 5 in Stealth
  3751 | D:4      | Reached XP level 6. HP: 29/32 MP: 7/7
  4977 | D:4      | Noticed an ice beast
  5153 | D:4      | Noticed Natasha
  5162 | D:4      | Killed Natasha
  5162 | D:4      | Reached XP level 7. HP: 35/35 MP: 8/8
  5358 | D:5      | Entered Level 5 of the Dungeon
  5841 | D:5      | Noticed Eustachio
  5859 | D:5      | Killed Eustachio
  6219 | D:5      | Noticed Pikel
  6228 | D:5      | Reached skill level 1 in Evocations
  6741 | D:6      | Reached XP level 8. HP: 25/39 MP: 10/10
  6936 | D:6      | HP: 1/39 [centaur (10)]
  7269 | D:6      | Found a blossoming altar of Fedhas.
  7395 | D:6      | Found a staircase to the Ecumenical Temple.
  7463 | Temple   | Entered the Ecumenical Temple
  7727 | D:6      | Noticed Sigmund
  7766 | D:6      | Killed Sigmund
  8166 | D:7      | Reached skill level 10 in Dodging
  8272 | D:7      | Reached skill level 5 in Evocations
  8318 | D:7      | Reached XP level 9. HP: 35/43 MP: 13/13
  8581 | D:7      | Reached *** piety under Trog
  8712 | D:7      | Reached skill level 10 in Stealth
  9017 | D:7      | Noticed a cyclops
  9060 | D:7      | Killed a cyclops
  9978 | D:8      | Found a staircase to the Lair.
 10249 | Lair:1   | Entered Level 1 of the Lair of Beasts
 10389 | D:9      | Noticed torrenera's ghost (journeyman TrMo)
 10419 | D:9      | Killed torrenera's ghost
 10419 | D:9      | Reached XP level 10. HP: 14/47 MP: 16/16
 10760 | D:9      | Reached **** piety under Trog
 11099 | D:9      | Slain by a yak

Vault maps used:
D:1:      minmay_arrival_widening_spiral_wide, minivault_27,
          roderic_serpentine_path
D:2:      lemuel_crystal_altar, uniq_terence
D:3:      uniq_jessica
D:4:      first_ration, feat_on_display, uniq_natasha
D:5:      grunt_decor_mini_mirrors, lemuel_old_faithful, uniq_duvessa,
          uniq_crazy_yiuf_cottage, uniq_eustachio, uniq_pikel
D:6:      temple_pool_b, fedhas_bush_and_centaur_altar, uniq_sigmund
D:8:      grunt_lair_entry_orc_guard_hut, hangedman_little_slice_of_home
Temple:   compressed_dpeg_circular_temple
Lair:1:   beast_lair_carwin_10, minmay_lair_oklob_chamber

Skill      XL: |  1  2  3  4  5  6  7  8  9 10 |
---------------+-------------------------------+-----
Stealth        | 1 2 3 4 5 6 7 9 11 12 | 12.2
Dodging        | 5 6 7 8 10 11 12 | 12.1
Short Blades   | 4 5 6 7 9 |  9.6
Evocations     | 2 5 7 8 |  8.0
Fighting       | 3 |  3.0

Action                   |  1- 3 |  4- 6 |  7- 9 | 10-12 || total
-------------------------+-------+-------+-------+-------++-------
Melee: Short sword       |    85 |   229 |   610 |   118 ||  1042
Throw: Tomahawk          |       |     7 |       |       ||     7
Invok: Berserk           |     1 |     4 |     8 |     1 ||    14
Evoke: Wand              |       |       |     8 |     5 ||    13
  Use: Scroll            |       |     5 |    16 |       ||    21
       Potion            |       |     3 |     3 |     1 ||     7
 Stab: Sleeping          |     5 |     7 |    17 |     2 ||    31
       Distracted        |       |       |     1 |       ||     1
  Eat: Ration            |       |     3 |     7 |     1 ||    11
Armor: Animal skin       |       |     7 |    18 |     1 ||    26
       Skin              |       |       |    15 |    38 ||    53
Dodge: Dodged            |    59 |   150 |   395 |    73 ||   677

Table legend:
 A = Spawn XP
 B = Non-spawn XP
 C = Spawn XP percentage of total XP
 D = Spawn monster count
 E = Non-spawn monster count
 F = Spawn count percentage of total count
 G = Total turns spent on level
                    A         B        C        D         E        F      G
               +---------+---------+-------+---------+---------+-------+---------
         Total |       0 |    7850 |   0.0 |       0 |     156 |   0.0 | 11099
               +---------+---------+-------+---------+---------+-------+---------
           D:1 |       0 |      30 |   0.0 |       0 |      12 |   0.0 |  1050
           D:2 |       0 |      99 |   0.0 |       0 |      15 |   0.0 |  1473
           D:3 |       0 |     112 |   0.0 |       0 |      14 |   0.0 |   657
           D:4 |       0 |     646 |   0.0 |       0 |      21 |   0.0 |  2211
           D:5 |       0 |     404 |   0.0 |       0 |      11 |   0.0 |  1328
           D:6 |       0 |    1139 |   0.0 |       0 |      19 |   0.0 |  1288
           D:7 |       0 |    1336 |   0.0 |       0 |      18 |   0.0 |  1172
           D:8 |       0 |    1091 |   0.0 |       0 |      23 |   0.0 |  1022
           D:9 |       0 |    2806 |   0.0 |       0 |      22 |   0.0 |   733
        Lair:1 |       0 |     187 |   0.0 |       0 |       1 |   0.0 |    62
               +---------+---------+-------+---------+---------+-------+---------
